IL
COLUMBUS CLIPPERS @ ROCHESTER RED WINGS
08/06/2048
 
TOP OF THE 1ST
Columbus Clippers batting - Pitching for Rochester Red Wings : RHP Ruben Requena
Pitching: RHP Ruben Requena
Batting: RHB Chang-wei Jiang 0-0: Swinging Strike
0-1: Swinging Strike
0-2: Fly out, F7 (Flyball, 7D, EV 95.6 MPH)
Batting: LHB Jesus Lozano 0-0: Foul Ball, location: 2F
0-1: Swinging Strike
0-2: Ball
1-2: Foul Ball, location: 2F
1-2: Ball
2-2: Foul Ball, location: 2F
2-2: Ball
3-2: Ground out 6-3 (Groundball, 6S, EV 68.1 MPH)
Batting: LHB Danny Dunham 0-0: Ball
1-0: Called Strike
1-1: Fly out, F3 (Popup, 3, EV 76.2 MPH)
Top of the 1st over - 0 runs, 0 hits, 0 errors, 0 left on base; Columbus 0 - Rochester 0
BOTTOM OF THE 1ST
Rochester Red Wings batting - Pitching for Columbus Clippers : RHP Joe Zeiset
Pitching: RHP Joe Zeiset
Batting: RHB Cyril Husson 0-0: Ball
1-0: Called Strike
1-1: Foul Ball, location: 2F
1-2: TRIPLE (Flyball, 89XD, EV 89.4 MPH)
Batting: SHB Ian Thompson 0-0: Called Strike
0-1: Ball
1-1: Ball
2-1: Foul Ball, location: 2F
2-2: Ball
3-2: Strikes out swinging
Batting: LHB Chris Munguia 0-0: Ground out 4-3 (Groundball, 4, EV 86.2 MPH)
Cyril Husson scores
Batting: SHB Dan Morataya 0-0: Ball
1-0: Ball
2-0: Ball
3-0: Base on Balls
Batting: LHB Jayden Thomas 0-0: Ball
1-0: Ball
2-0: Called Strike
2-1: Ball
3-1: Called Strike
3-2: Fly out, F7 (Flyball, 7, EV 87.5 MPH)
Bottom of the 1st over - 1 run, 1 hit, 0 errors, 1 left on base; Columbus 0 - Rochester 1
TOP OF THE 2ND
Columbus Clippers batting - Pitching for Rochester Red Wings : RHP Ruben Requena
Batting: RHB Eddie LaRose 0-0: Swinging Strike
0-1: Fly out, F9 (Flyball, 9D, EV 98.8 MPH)
Batting: LHB Stu Sornson 0-0: Ball
1-0: Called Strike
1-1: Ball
2-1: Called Strike
2-2: Foul Ball, location: 2F
2-2: Fly out, F7 (Line Drive, 78M, EV 88.8 MPH)
Batting: LHB Jim Keefe 0-0: Ball
1-0: Called Strike
1-1: Swinging Strike
1-2: Strikes out swinging
Top of the 2nd over - 0 runs, 0 hits, 0 errors, 0 left on base; Columbus 0 - Rochester 1
BOTTOM OF THE 2ND
Rochester Red Wings batting - Pitching for Columbus Clippers : RHP Joe Zeiset
Batting: SHB Manny Molina 0-0: Ball
1-0: Foul Ball, location: 2F
1-1: Foul Ball, location: 2F
1-2: Strikes out swinging
Batting: RHB Mike Craver 0-0: Called Strike
0-1: Called Strike
0-2: Ball
1-2: Ball
2-2: Foul Ball, location: 2F
2-2: Foul Ball, location: 2F
2-2: Foul Ball, location: 2F
2-2: Ball
3-2: Base on Balls
Batting: RHB Dan Grable 0-0: Ball
1-0: Called Strike
1-1: Called Strike
1-2: Strikes out swinging
Batting: RHB Ratko Macura 0-0: Ball
1-0: Called Strike
1-1: Ball
2-1: Fielders Choice at 2nd, 6-4 (Groundball, 6, EV 103.1 MPH)
Bottom of the 2nd over - 0 runs, 0 hits, 0 errors, 1 left on base; Columbus 0 - Rochester 1
TOP OF THE 3RD
Columbus Clippers batting - Pitching for Rochester Red Wings : RHP Ruben Requena
Batting: LHB Corey Trevor 0-0: Called Strike
0-1: Ball
1-1: Ball
2-1: Foul Ball, location: 2F
2-2: Ball
3-2: Foul Ball, location: 2F
3-2: DOUBLE (Line Drive, 89D, EV 98.8 MPH)
Batting: LHB Robert Watson 0-0: Foul Ball, location: 2F
0-1: Ball
1-1: Ball
2-1: Called Strike
2-2: Foul Ball, location: 2F
2-2: Ball
3-2: Base on Balls
Batting: LHB Justin Barker 0-0: Called Strike
0-1: Fielders Choice at 2nd, 6-4 (Groundball, 6, EV 80.0 MPH)
Corey Trevor to third
Batting: RHB Chang-wei Jiang 0-0: SINGLE (Flyball, 56D, EV 83.1 MPH)
Corey Trevor scores
Justin Barker to second
Batting: LHB Jesus Lozano 0-0: Ball
1-0: Ball
2-0: Ball
3-0: Called Strike
3-1: Base on Balls
Justin Barker to third
Chang-wei Jiang to second
Batting: LHB Danny Dunham 0-0: Ball
1-0: SINGLE (Groundball, 6MD, EV 96.9 MPH)
Justin Barker scores
Chang-wei Jiang to third
Jesus Lozano to second
Runner from 3rd tries for Home, SAFE, throw by CF to home
Jesus Lozano to third
Danny Dunham to second
Batting: RHB Eddie LaRose 0-0: Ball
1-0: Called Strike
1-1: Foul Ball, location: 2F
1-2: Strikes out swinging
Batting: LHB Stu Sornson 0-0: Ball
1-0: Called Strike
1-1: Ground out U3 (Groundball, 3, EV 77.5 MPH)
Top of the 3rd over - 3 runs, 3 hits, 0 errors, 2 left on base; Columbus 3 - Rochester 1
BOTTOM OF THE 3RD
Rochester Red Wings batting - Pitching for Columbus Clippers : RHP Joe Zeiset
Batting: RHB Cyril Husson 0-0: Ball
1-0: DOUBLE (Line Drive, 78D, EV 103.8 MPH)
Batting: SHB Ian Thompson 0-0: Ball
1-0: Ball
2-0: Foul Ball, location: 2F
2-1: Foul Ball, location: 2F
2-2: Strikes out swinging
Batting: LHB Chris Munguia 0-0: Ball
Wild Pitch!
Cyril Husson to third
1-0: Ground out 4-3 (Groundball, 34, EV 109.4 MPH)
Cyril Husson scores
Batting: SHB Dan Morataya 0-0: Ground out U3 (Groundball, 34, EV 79.4 MPH)
Bottom of the 3rd over - 1 run, 1 hit, 0 errors, 0 left on base; Columbus 3 - Rochester 2
TOP OF THE 4TH
Columbus Clippers batting - Pitching for Rochester Red Wings : RHP Ruben Requena
Batting: LHB Jim Keefe 0-0: Ball
1-0: Ball
2-0: Ball
3-0: Fly out, F7 (Flyball, 78S, EV 77.5 MPH)
Batting: LHB Corey Trevor 0-0: SOLO HOME RUN (Flyball, 9D, EV 95.0 MPH), Distance : 364 ft
Batting: LHB Robert Watson 0-0: Called Strike
0-1: Ground out U3 (Groundball, 3L, EV 105.0 MPH)
Batting: LHB Justin Barker 0-0: Ball
1-0: Ball
2-0: Called Strike
2-1: Ball
3-1: Ground out U3 (Groundball, 34, EV 88.8 MPH)
Top of the 4th over - 1 run, 1 hit, 0 errors, 0 left on base; Columbus 4 - Rochester 2
BOTTOM OF THE 4TH
Rochester Red Wings batting - Pitching for Columbus Clippers : RHP Joe Zeiset
Batting: LHB Jayden Thomas 0-0: Called Strike
0-1: Foul Ball, location: 2F
0-2: Ball
1-2: SINGLE (Groundball, 56D, EV 105.0 MPH)
Batting: SHB Manny Molina 0-0: Called Strike
0-1: Called Strike
0-2: SINGLE (Flyball, 56D, EV 96.9 MPH)
Jayden Thomas to second
Batting: RHB Mike Craver 0-0: Ball
1-0: Called Strike
1-1: Ball
2-1: Foul Ball, location: 2F
2-2: Ball
3-2: Base on Balls
Jayden Thomas to third
Manny Molina to second
Batting: RHB Dan Grable 0-0: Ball
1-0: Called Strike
1-1: Ball
2-1: Fielders Choice at 2nd, 4-6 (Groundball, 34, EV 90.0 MPH)
Jayden Thomas scores
Manny Molina to third
Batting: RHB Ratko Macura 0-0: Ball
1-0: Foul Ball, location: 2F
1-1: Ball
2-1: Grounds into double play, 5-4-3 (Groundball, 56, EV 89.4 MPH)
Bottom of the 4th over - 1 run, 2 hits, 0 errors, 1 left on base; Columbus 4 - Rochester 3
TOP OF THE 5TH
Columbus Clippers batting - Pitching for Rochester Red Wings : RHP Ruben Requena
Batting: RHB Chang-wei Jiang 0-0: Foul Ball, location: 2F
0-1: DOUBLE (Line Drive, 5D, EV 105.0 MPH)
Batting: LHB Jesus Lozano 0-0: Ball
1-0: Foul Ball, location: 2F
1-1: Foul Ball, location: 2F
1-2: Ball
2-2: Ball
3-2: Base on Balls
Batting: LHB Danny Dunham 0-0: Ball
1-0: Ball
2-0: 3-RUN HOME RUN (Flyball, 7LD, EV 93.1 MPH), Distance : 353 ft
Pitching: LHP Brian Rhyne
Batting: RHB Eddie LaRose 0-0: Ball
1-0: Foul Ball, location: 2F
1-1: Called Strike
1-2: Ball
2-2: Fly out, F8 (Flyball, 8RD, EV 107.5 MPH)
Batting: LHB Stu Sornson 0-0: Called Strike
0-1: Ball
1-1: Swinging Strike
1-2: SOLO HOME RUN (Flyball, 7D, EV 91.9 MPH), Distance : 363 ft
Batting: LHB Jim Keefe 0-0: Ball
1-0: Swinging Strike
1-1: Ball
2-1: Ball
3-1: Base on Balls
Batting: LHB Corey Trevor 0-0: Ball
1-0: Called Strike
1-1: Foul Ball, location: 2F
1-2: Foul Ball, location: 2F
1-2: Strikes out looking
Batting: LHB Robert Watson 0-0: Ball
1-0: Swinging Strike
1-1: SINGLE (Line Drive, 3D, EV 96.2 MPH)
Jim Keefe to second
Batting: LHB Justin Barker 0-0: Called Strike
0-1: Ground out 3-1 (Groundball, 34, EV 106.9 MPH)
Top of the 5th over - 4 runs, 4 hits, 0 errors, 2 left on base; Columbus 8 - Rochester 3
BOTTOM OF THE 5TH
Rochester Red Wings batting - Pitching for Columbus Clippers : RHP Joe Zeiset
Batting: RHB Cyril Husson 0-0: Called Strike
0-1: Ball
1-1: Ball
2-1: Foul Ball, location: 2F
2-2: Ball
3-2: Foul Ball, location: 2F
3-2: Base on Balls
Batting: SHB Ian Thompson 0-0: Foul Ball, location: 2F
0-1: Swinging Strike
0-2: Strikes out swinging
Batting: LHB Chris Munguia 0-0: Grounds into double play, 4-6-3 (Groundball, 4, EV 86.9 MPH)
Bottom of the 5th over - 0 runs, 0 hits, 0 errors, 0 left on base; Columbus 8 - Rochester 3
TOP OF THE 6TH
Columbus Clippers batting - Pitching for Rochester Red Wings : LHP Brian Rhyne
Batting: RHB Chang-wei Jiang 0-0: Called Strike
0-1: Ball
1-1: Ball
2-1: Ground out 4-3 (Groundball, 4MS, EV 86.9 MPH)
Batting: LHB Jesus Lozano 0-0: Swinging Strike
0-1: Called Strike
0-2: Strikes out swinging
Batting: LHB Danny Dunham 0-0: Called Strike
0-1: Ball
1-1: Ball
2-1: Ball
3-1: Foul Ball, location: 2F
3-2: Strikes out looking
Top of the 6th over - 0 runs, 0 hits, 0 errors, 0 left on base; Columbus 8 - Rochester 3
BOTTOM OF THE 6TH
Rochester Red Wings batting - Pitching for Columbus Clippers : RHP Joe Zeiset
Batting: SHB Dan Morataya 0-0: Ball
1-0: Fly out, F4 (Flyball, 34D, EV 88.8 MPH)
Batting: LHB Jayden Thomas 0-0: Foul Ball, location: 2F
0-1: Called Strike
0-2: Ball
1-2: Foul Ball, location: 2F
1-2: Strikes out swinging
Batting: SHB Manny Molina 0-0: Called Strike
0-1: Ball
1-1: Called Strike
1-2: Foul Ball, location: 2F
1-2: Strikes out swinging
Bottom of the 6th over - 0 runs, 0 hits, 0 errors, 0 left on base; Columbus 8 - Rochester 3
TOP OF THE 7TH
Columbus Clippers batting - Pitching for Rochester Red Wings : LHP Brian Rhyne
Batting: RHB Eddie LaRose 0-0: Ground out 5-3 (Groundball, 5S, EV 62.5 MPH)
Batting: LHB Stu Sornson 0-0: Called Strike
0-1: Foul Ball, location: 2F
0-2: Ball
1-2: Ball
2-2: Ground out 6-3 (Groundball, 6, EV 83.8 MPH)
Batting: LHB Jim Keefe 0-0: Ball
1-0: Ground out 6-3 (Groundball, P, EV 90.0 MPH)
Top of the 7th over - 0 runs, 0 hits, 0 errors, 0 left on base; Columbus 8 - Rochester 3
BOTTOM OF THE 7TH
Rochester Red Wings batting - Pitching for Columbus Clippers : RHP Joe Zeiset
Now at 1B: Gabe White
Now at 2B: Justin Barker
Now at SS: Scott Scott
Batting: RHB Mike Craver 0-0: Called Strike
0-1: Fly out, F7 (Flyball, 7S, EV 86.9 MPH)
Batting: RHB Dan Grable 0-0: Foul Ball, location: 2F
0-1: Foul Ball, location: 2F
0-2: Ground out 5-3 (Groundball, 56S, EV 86.2 MPH)
Batting: RHB Ratko Macura 0-0: Ball
1-0: Foul Ball, location: 2F
1-1: Swinging Strike
1-2: Foul Ball, location: 2F
1-2: Ball
2-2: Strikes out swinging
Bottom of the 7th over - 0 runs, 0 hits, 0 errors, 0 left on base; Columbus 8 - Rochester 3
TOP OF THE 8TH
Columbus Clippers batting - Pitching for Rochester Red Wings : LHP Brian Rhyne
Batting: LHB Corey Trevor 0-0: Called Strike
0-1: Ball
1-1: Ball
2-1: Called Strike
2-2: Ground out U3 (Groundball, 34, EV 103.8 MPH)
Batting: LHB Robert Watson 0-0: Called Strike
0-1: Ball
1-1: Swinging Strike
1-2: Ball
2-2: Ball
3-2: Fly out, F7 (Line Drive, 7, EV 106.2 MPH)
Batting: LHB Justin Barker 0-0: Ball
1-0: Swinging Strike
1-1: Ball
2-1: Ground out 1-3 (Groundball, P, EV 68.1 MPH)
Top of the 8th over - 0 runs, 0 hits, 0 errors, 0 left on base; Columbus 8 - Rochester 3
BOTTOM OF THE 8TH
Rochester Red Wings batting - Pitching for Columbus Clippers : RHP Joe Zeiset
Pitching: RHP Corey Larimer
Now at 2B: Dan Hill
Now at 3B: Justin Barker
Batting: RHB Cyril Husson 0-0: Ball
1-0: SINGLE (Line Drive, 8RS, EV 98.1 MPH)
Batting: SHB Ian Thompson 0-0: Ball
1-0: Ball
2-0: Fly out, F9 (Flyball, 9S, EV 93.1 MPH)
Batting: LHB Chris Munguia 0-0: Foul Ball, location: 2F
0-1: Foul Ball, location: 2F
0-2: Fly out, F3 (Popup, 34S, EV 78.8 MPH)
Batting: SHB Dan Morataya 0-0: Foul Ball, location: 2F
0-1: Ball
1-1: Fly out, F8 (Flyball, 78M, EV 88.1 MPH)
Bottom of the 8th over - 0 runs, 1 hit, 0 errors, 1 left on base; Columbus 8 - Rochester 3
TOP OF THE 9TH
Columbus Clippers batting - Pitching for Rochester Red Wings : LHP Brian Rhyne
Pitching: RHP Mark Case
Batting: SHB Dan Hill 0-0: Called Strike
0-1: Called Strike
0-2: Fly out, F4 (Popup, 4S, EV 85.6 MPH)
Batting: LHB Gabe White 0-0: Ball
1-0: Called Strike
1-1: Ball
2-1: Foul Ball, location: 2F
2-2: Ball
3-2: Base on Balls
Batting: SHB Scott Scott 0-0: Called Strike
0-1: Swinging Strike
0-2: Ball
Gabe White steals 2nd base
1-2: Ground out 6-3 (Groundball, P, EV 88.8 MPH)
Gabe White to third
Batting: RHB Eddie LaRose 0-0: Ball
1-0: Called Strike
1-1: Ball
2-1: Called Strike
2-2: Foul Ball, location: 2F
2-2: Strikes out looking
Top of the 9th over - 0 runs, 0 hits, 0 errors, 1 left on base; Columbus 8 - Rochester 3
BOTTOM OF THE 9TH
Rochester Red Wings batting - Pitching for Columbus Clippers : RHP Corey Larimer
Batting: LHB Jayden Thomas 0-0: Called Strike
0-1: Ball
1-1: Ground out U3 (Groundball, 34S, EV 80.0 MPH)
Batting: SHB Manny Molina 0-0: Swinging Strike
0-1: Ball
1-1: SINGLE (Flyball, 89S, EV 92.5 MPH)
Batting: RHB Mike Craver 0-0: Ball
1-0: Ball
2-0: Foul Ball, location: 2F
2-1: Foul Ball, location: 2F
2-2: Ball
3-2: Foul Ball, location: 2F
3-2: Hit by Pitch
Manny Molina to second
Batting: RHB Dan Grable 0-0: Called Strike
0-1: Ball
1-1: Swinging Strike
1-2: Fielders Choice at 2nd, 6-4 (Groundball, 6, EV 83.8 MPH)
Manny Molina to third
Batting: RHB Ratko Macura 0-0: Called Strike
0-1: Called Strike
0-2: Ball
1-2: Hit by Pitch
Dan Grable to second
Batting: RHB Cyril Husson 0-0: Foul Ball, location: 2F
0-1: Foul Ball, location: 2F
0-2: Strikes out looking
Bottom of the 9th over - 0 runs, 1 hit, 0 errors, 3 left on base; Columbus 8 - Rochester 3
Tuesday, March 28th , 2023 - OOTP Baseball 23.10 Build 110